 Dungeon Crawl Stone Soup version 0.31-a0-647-g38d6a14cb1 (webtiles) character file.

Game seed: 11813928444935835404

175 AdnanSaban the Covered (level 5, -1/33 HPs)
             Began as a Gargoyle Fighter on Aug 29, 2023.
             Slain by an orc
             ... wielding a +0 flail
              (4 damage)
             ... on level 3 of the Dungeon.
             The game lasted 00:01:48 (2376 turns).

AdnanSaban the Covered (Gargoyle Fighter)           Turns: 2376, Time: 00:01:48

Health: -1/33      AC: 11    Str: 21    XL:     5   Next: 55%
Magic:  5/5        EV:  9    Int:  9    God:
Gold:   158        SH:  4    Dex:  9    Spells: 4/4 levels left

rFire   . . .        s - +2 whip (vamp)
rCold   . . .        c - +0 buckler
rNeg    + . .        b - +0 scale mail
rPois   ∞            (no helmet)
rElec   +            (no cloak)
rCorr   .            (no gloves)
SInv    .            (no boots)
Will    .....        (no amulet) Stlth
                     (no ring)
HPRegen 0.25/turn    (no ring)
MPRegen 0.09/turn

%: no passive effects
@: no status effects
A: sickness immunity, AC +4, negative energy resistance 1, electricity
resistance, torment resistance 1, petrification resistance
a: no special abilities


You were on level 3 of the Dungeon.
You visited 1 branch of the dungeon, and saw 3 of its levels.

You collected 158 gold pieces.

Inventory:

Hand Weapons
 s - a +2 vampiric whip (weapon)
Missiles
 a - 2 throwing nets
 g - 4 javelins
 h - 6 poisoned darts
 k - 6 boomerangs
Armour
 b - a +0 scale mail (worn)
 c - a +0 buckler (worn)
Scrolls
 e - a scroll of brand weapon {unknown}
 f - a scroll of noise {unknown}
 j - 3 scrolls of teleportation {unknown}
 n - 4 scrolls of enchant armour {unknown}
 q - 3 scrolls of identify {unknown}
 u - a scroll of fear {unknown}
Potions
 d - a potion of might
 i - 2 potions of lignification {unknown}
 l - 3 potions of brilliance {unknown}
 m - a potion of enlightenment {unknown}
 o - 3 potions of curing {unknown}
 p - a potion of haste {unknown}
 r - a potion of magic {unknown}
 t - a potion of ambrosia {unknown}
 v - 3 potions of heal wounds {unknown}


   Skills:
 + Level 4.1 Fighting
 + Level 3.6 Maces & Flails
 + Level 4.4 Armour
 + Level 0.7 Dodging
 + Level 0.4 Stealth
 + Level 3.8 Shields


You had 4 spell levels left.
You didn't know any spells.
Your spell library contained the following spells:

 Spells                   Type           Power      Damage    Failure   Level
 Foxfire                  Conj/Fire      0%         2x1d4     78%         1
 Magic Dart               Conj           0%         1d3       78%         1
 Call Imp                 Summ           0%         N/A       89%         2
 Mephitic Cloud           Conj/Pois/Air  0%         N/A       98%         3
 Plasma Beam              Fire/Air       0%         2x1d10    100%        6
 Starburst                Conj/Fire      0%         6d3       100%        6


Dungeon Overview and Level Annotations

Branches:
Dungeon (3/15)

Altars:


Innate Abilities, Weirdness & Mutations

You are immune to sickness and miasma.
Your stone body is resilient. (AC +4)
You are immune to poison.
You resist negative energy. (rN+)
You are resistant to electric shocks. (rElec)
You are resistant to unholy torment.
You are immune to petrification.


Message History

You are too injured to fight recklessly!
You are too injured to fight recklessly!
You are too injured to fight recklessly!
You are too injured to fight recklessly!
You are too injured to fight recklessly!
You are too injured to fight recklessly!
You are too injured to fight recklessly!
Unknown command.
You are too injured to fight recklessly!
You hit the endoplasm.
You feel better.
You kill the endoplasm!
The orc hits you but does no damage. The orc closely misses you.
The orc barely misses you. The orc hits you with a +0 flail.
You hit the orc but do no damage. The orc hits you with a +0 flail.
The orc hits you but does no damage.
You barely miss the orc. You hit the orc.
The orc is almost dead.
The orc hits you with a +0 flail.
* * * LOW HITPOINT WARNING * * *
The orc hits you but does no damage.
You closely miss the orc.
The orc is almost dead.
The orc hits you with a +0 flail.
* * * LOW HITPOINT WARNING * * *
The orc hits you with a +0 mace.
* * * LOW HITPOINT WARNING * * *
You hit the orc but do no damage.
The orc is almost dead.
The orc hits you but does no damage. x2
You hit the orc but do no damage.
The orc is almost dead.
The orc barely misses you. The orc completely misses you.
You closely miss the orc.
The orc is severely wounded.
The orc closely misses you. The orc hits you but does no damage.
You closely miss the orc.
The orc is severely wounded.
The orc hits you with a +0 flail.
You die...

...!.####.####.###.######
...................÷....
#####......####.##########
...........+....##########
#..........###............
#..........# #..#.####.###
#..?.......# #..#.#..#.#.8
#..........# #..#.#..'.'..
#......(.@o# #..#.#+##.###
######...)o.....#.........
#.##....#.##.#+##.### #.
<..#... #.#..#.#.. #.
...#.####.#..'.'.. ###.###
# #.####.##+ .. #.........
#. #.####.##+ #.#..#.#..


You could see 2 orcs.

Vanquished Creatures
  An orc wizard (D:3)
  3 gnolls (D:2)
  5 adders
  A worm (D:3)
  3 dart slugs
  3 orcs (D:2)
  2 ball pythons (D:1)
  5 endoplasms
  A giant cockroach (D:1)
  7 goblins
  6 hobgoblins (D:2)
  7 jackals (D:2)
  A quokka (D:1)
  6 bats
  5 frilled lizards
  7 kobolds
  3 rats
66 creatures vanquished.

Notes
Turn   | Place    | Note
-------+----------+-------------------------------------------
     0 | D:1      | AdnanSaban the Gargoyle Fighter began the quest for the
                  | Orb.
     0 | D:1      | Reached XP level 1. HP: 14/14 MP: 1/1
   155 | D:1      | Reached XP level 2. HP: 16/19 MP: 2/2
  1028 | D:2      | Reached XP level 3. HP: 14/23 MP: 3/3
  1312 | D:2      | Reached XP level 4. HP: 19/29 MP: 4/4
  1717 | D:2      | Reached XP level 5. HP: 33/33 MP: 5/5
  2376 | D:3      | Slain by an orc

Illustrated notes

Levels and vault maps discovered:
D:1:      minmay_arrival_loop, layout_basic, nicolae_twisty_statue_hallways
D:2:      minmay_general_purpose_star, layout_loops_corners,
          guppyfry_early_orc_mine
D:3:      minmay_door_path, layout_basic

Skill      XL: |  1  2  3  4 |
---------------+-------------+-----
Armour         | 4 |  4.4
Maces & Flails | 3 |  3.6
Fighting       | 4 |  4.1
Dodging        | |  0.7
Stealth        | |  0.4
Shields        | |  3.8

Action                     |  1- 3 |  4- 6 || total
---------------------------+-------+-------++-------
  Melee: Flail             |   122 |    54 ||   176
         Whip              |       |    88 ||    88
 Armour: Scale mail        |    82 |    76 ||   158
  Dodge: Dodged            |    82 |    62 ||   144
  Block: Buckler           |    41 |    30 ||    71

Table legend: (Time is in decaauts)
 A = Elapsed time spent in this place.
 B = Non-inter-level travel time spent in this place.
 C = Inter-level travel time spent in this place.
 D = Time resting spent in this place.
 E = Time spent auto-exploring this place.
 F = Levels seen in this place.
 G = Mean time per level.
                   A        B        C        D        E       F      G
               +--------+--------+--------+--------+--------+-----+--------+
         Total |   2426 |   2395 |     31 |      0 |   1896 |   3 |  808.7 |
       Dungeon |   2426 |   2395 |     31 |      0 |   1896 |   3 |  808.7 |
               +--------+--------+--------+--------+--------+-----+--------+

Top non-repeatable levels by time:
     D:2: 1140 daAuts
     D:1: 910 daAuts
     D:3: 375 daAuts
